 Dungeon Crawl Stone Soup version 0.23.1-37-gaa34b87 (webtiles) character file.

Game seed: 11364349361837343566

323 vishdafish the Chopper (level 6, -1/73 HPs)
             Began as a Demonspawn Fighter on Mar 23, 2019.
             Slain by a gnoll
             ... wielding a +0 club
              (3 damage)
             ... on level 3 of the Dungeon.
             The game lasted 00:02:40 (1344 turns).

vishdafish the Chopper (Demonspawn Fighter)         Turns: 1344, Time: 00:02:41

Health: -1/73      AC:  8    Str: 22    XL:     6   Next: 23%
Magic:  6/6        EV:  7    Int: 11    God:
Gold:   141        SH:  9    Dex: 12    Spells: 5/5 levels left

rFire    . . .     SeeInvis .   a - +0 war axe
rCold    . . .     Gourm    .   c - +0 shield
rNeg     . . .     Faith    .   b - +0 scale mail
rPois    .         Spirit   .   (no helmet)
rElec    .         Reflect  .   (no cloak)
rCorr    .         Harm     .   (no gloves)
MR       +....                  (no boots)
Stlth    ..........             (no amulet)
HPRegen  0.22/turn              k - +2 ring of protection
MPRegen  0.10/turn              l - ring of protection from magic

@: berserking, very quick
A: claws 2, powered by death 1
a: no special abilities


You were on level 3 of the Dungeon.
You were near starving.

You visited 1 branch of the dungeon, and saw 3 of its levels.

You collected 141 gold pieces.

Inventory:

Hand Weapons
 a - a +0 war axe (weapon)
Armour
 b - a +0 scale mail (worn)
 c - a +0 shield (worn)
Jewellery
 k - a +2 ring of protection (left claw)
 l - a ring of protection from magic (right claw)
Scrolls
 e - 3 scrolls of identify {unknown}
 i - a scroll of random uselessness {unknown}
 j - a scroll of teleportation {unknown}
 m - 2 scrolls of blinking {unknown}
Potions
 g - a potion of berserk rage
 h - a potion of curing {unknown}
 n - a potion of flight {unknown}
 o - a potion of resistance {unknown}
Comestibles
 f - 4 rations


   Skills:
 + Level 4.6 Fighting
 * Level 5.0 Axes
 - Level 2.7 Armour
 - Level 2.7 Shields


You had 5 spell levels left.
You didn't know any spells.
Your spell library was empty.

Dungeon Overview and Level Annotations

Branches:
Dungeon (3/15)

Altars:
Kikubaaqudgha


Innate Abilities, Weirdness & Mutations

You have very sharp fingernails.
You regenerate a little health from kills.


Message History

Unknown command.
Your shield and scale mail prevent you from hitting the gnoll.
The gnoll is lightly wounded.
You closely miss the adder. The gnoll hits you but does no damage.
The adder bites you but does no damage. The gnoll hits you with a +0 club.
* * * LOW HITPOINT WARNING * * *
Unknown command.
You slash the gnoll!
You kill the gnoll!
Your Axes skill increases to level 5!
You barely miss the gnoll. You slash the adder!
You kill the adder!
You block the gnoll's attack. x2
Your shield and scale mail prevent you from hitting the gnoll.
The gnoll is lightly wounded.
The gnoll barely misses you.
You closely miss the gnoll.
The gnoll is lightly wounded.
The gnoll hits you with a +0 club.
You die...

... ... .... #
..... #. ##.....
..###.####.......
......†g#..#.....
.......@)<.......
..).#.#.#g##....(
. ......... .##
#...........
#...../.......
#.............
#............?
#....##....($.


You could see 2 gnolls.

Vanquished Creatures
  Sigmund (D:2)
  A vampire bat (D:2)
  Jessica (D:2)
  4 adders
  A gnoll (D:3)
  An ooze (D:3)
  A dart slug (D:1)
  3 leopard geckos
  2 bat skeletons (D:2)
  3 bat zombies (D:2)
  4 goblins
  5 hobgoblins
  3 bats
  4 frilled lizards
  8 kobolds
  6 rats
48 creatures vanquished.

Notes
Turn   | Place    | Note
-------+----------+-------------------------------------------
     0 | D:1      | vishdafish the Demonspawn Fighter began the quest for the
                  | Orb.
     0 | D:1      | Reached XP level 1. HP: 18/18 MP: 1/1
   129 | D:1      | Reached skill level 2 in Axes
   178 | D:1      | Gained mutation: You have sharp fingernails. [demonic
                  | ancestry]
   178 | D:1      | Reached XP level 2. HP: 16/24 MP: 2/2
   572 | D:2      | Noticed Jessica
   577 | D:2      | Killed Jessica
   577 | D:2      | Reached skill level 3 in Axes
   577 | D:2      | Gained mutation: You regenerate a little health from kills.
                  | [demonic ancestry]
   577 | D:2      | Reached XP level 3. HP: 19/29 MP: 3/3
   618 | D:2      | Found an ancient bone altar of Kikubaaqudgha.
   627 | D:2      | Reached XP level 4. HP: 34/37 MP: 4/4
  1152 | D:2      | Noticed Sigmund
  1166 | D:2      | Killed Sigmund
  1166 | D:2      | Reached skill level 4 in Axes
  1166 | D:2      | Reached XP level 5. HP: 12/43 MP: 5/5
  1166 | D:2      | Gained mutation: You have very sharp fingernails. [demonic
                  | ancestry]
  1166 | D:2      | Reached XP level 6. HP: 14/49 MP: 6/6
  1341 | D:3      | HP: 2/73 [gnoll/+0 club (4)]
  1342 | D:3      | Reached skill level 5 in Axes
  1344 | D:3      | Slain by a gnoll

Skill      XL: |  1  2  3  4  5  6 |
---------------+-------------------+-----
Axes           | 2 3 4 5 |  5.0
Fighting       | 4 |  4.6
Armour         | |  2.7
Shields        | |  2.7

Action                   |  1- 3 |  4- 6 || total
-------------------------+-------+-------++-------
Melee: War axe           |    63 |    65 ||   128
  Use: Potion            |       |     2 ||     2
Armor: Scale mail        |    45 |    35 ||    80
Dodge: Dodged            |    24 |    23 ||    47
Block: Shield            |    46 |    33 ||    79
